cohdb
Replays
Latest Replays
All Replays
Popular Replays
Top Player Replays
Match Explorer
How It Works
Community
CoH3 Stats
Reddit
Sign in to upload your games and track your stats! →
Sign in with Steam
Match 45796530
Unlisted
Match 45796530
Overview
Messages
Build Orders
End
250 Light Carrier
Selects Italian Infantry
Panzergrenadier Squad
250 Light Carrier
Construct Light Support Kompanie
250 Light Carrier
Combat Half-tracks
Construct Mechanized Kompanie
Selects Guastatori Squad
Guastatori Squad
MG34 Team
2.5-tonne Medical Truck
254 Reconnaissance Tractor
Selects Defensive Operations
Selects Prepared Positions
Construct Panzerarmee Kommand
Selects Registered Artillery
Guastatori Squad
Veteran Squad Leaders
991
silverticket
想不出名字ing
1655692477
Gratia197
King-Yoa
potatoo
AHNSHI
0
0
Comments
sign in to comment!
No comments posted yet!